 Dungeon Sprint DCSS version 0.22-a0-322-g60b3cfd (webtiles) character file.

468146 emperorscorpion the Archmage (level 21, -7/160 HPs)
             Began as a Deep Elf Air Elementalist on Apr 5, 2018.
             Was the Champion of Vehumet.
             Mangled by a reaper
             ... wielding a +1 vampiric scythe
             ... summoned by a greater mummy's death curse
              (36 damage)
             ... in the Dungeon (Sprint IX: "|||||||||||||||||||||||||||||").
             The game lasted 01:12:57 (13273 turns).

emperorscorpion the Archmage (DEAE)                Turns: 13273, Time: 01:12:58

Health: -7/160     AC:  8    Str:  5    XL:     21   Next: 53%
Magic:  35/54      EV: 27    Int: 37    God:    Vehumet [******]
Gold:   180        SH: 12    Dex: 15    Spells: 18/74 levels left

rFire    + + .     SeeInvis .   b - staff of energy
rCold    . . .     Gourm    .   Q - +0 shield {reflect}
rNeg     . . .     Faith    .   V - +1 robe {Archmagi}
rPois    .         Spirit   .   B - +0 helmet
rElec    .         Reflect  +   U - +1 cloak
rCorr    .         Harm     .   (no gloves)
MR       +++..     NoTele   +   J - +1 pair of boots
Stlth    +++++++++.             Z - amulet of regeneration
HPRegen  0.00/turn              r - ring "Byonoce" {rF++ MR+}
MPRegen  0.34/turn              S - +6 ring of intelligence

@: no status effects
A: inhibited regeneration
}: 7/15 runes: decaying, serpentine, barnacled, slimy, elven, silver, gossamer
a: Renounce Religion


You were in the Dungeon.
You worshipped Vehumet.
Vehumet was exalted by your worship.
You were not hungry.

You visited 1 branch You collected 1943 gold pieces.
You spent 1763 gold pieces at shops.

Inventory:

Hand Weapons
 a - the +5 demon trident "Ydwaraq" {pain, MR+ SInv Stlth+}
   (You found it in the Dungeon)

   In the hands of one skilled in necromantic magic, it inflicts extra damage on
   living creatures.
   It affects your resistance to hostile enchantments.
   It lets you see invisible.
   It makes you more stealthy.
 t - a +2 rapier of draining
 E - the +5 shortbow "Asogukij" {velocity, rPois Int+3}
   (You found it in the Dungeon)

   Any arrow fired from it inflicts extra damage.
   It affects your intelligence (+3).
   It protects you from poison.
Missiles
 u - 35 javelins (quivered)
 A - 5 throwing nets
 N - 156 arrows
Armour
 B - a +0 helmet (worn)
 J - a +1 pair of boots (worn)
 Q - a +0 shield of reflection (worn)
 U - a +1 cloak (worn)
 V - a +1 robe of the Archmagi (worn)
Magical Staves
 b - an uncursed staff of energy (weapon)
 M - an uncursed staff of earth
Jewellery
 f - the amulet of Equilibrium {Faith +Blink Int+3}
   (You found it in the Dungeon)

   [amulet of faith]

   It allows you to gain divine favour quickly.
   It affects your intelligence (+3).
   It lets you blink.
 q - the ring "Bytoakh" {rCorr rN++}
   (You found it in the Dungeon)

   [ring of resist corrosion]

   It greatly protects you from negative energy.
 r - the ring "Byonoce" (left hand) {rF++ MR+}
   (You found it in the Dungeon)

   [ring of protection from magic]

   It greatly protects you from fire.
   It affects your resistance to hostile enchantments.
 w - an uncursed ring of wizardry
 F - an uncursed ring of protection from fire
 G - the amulet of Kyorph {Gourm rC- Str+3 Int+9}
   (You found it in the Dungeon)

   [amulet of the gourmand]

   It allows you to eat raw meat even when not hungry.
   It affects your strength (+3).
   It affects your intelligence (+9).
   It makes you vulnerable to cold.
 I - an uncursed ring of see invisible
 R - a +4 ring of evasion
 S - a +6 ring of intelligence (right hand)
 X - a +3 ring of strength
 Z - an amulet of regeneration (around neck)
Wands
 m - a wand of iceblast (4)
 o - a wand of scattershot (5)
 p - a wand of flame (25)
 v - a wand of enslavement (18)
Scrolls
 i - a scroll of blinking
 k - 9 scrolls of remove curse
 l - 3 scrolls of amnesia
 x - 3 scrolls of fear
 y - 14 scrolls of enchant weapon
 L - 4 scrolls of fog
Potions
 d - 6 potions of curing
 e - 6 potions of heal wounds
 g - 4 potions of magic
 h - 3 potions of berserk rage
 j - a potion of invisibility
 n - 2 potions of mutation
 s - 4 potions of might
 H - 3 potions of brilliance
 O - 5 potions of haste
 W - a potion of resistance
Miscellaneous
 z - a lamp of fire
 C - a lightning rod (4/4)
 D - a phial of floods
 P - a sack of spiders
 T - a crystal ball of energy
Comestibles
 c - 4 rations


   Skills:
 * Level 26.2 Fighting
 + Level 3.5 Throwing
 + Level 21.1 Dodging
 O Level 27 Stealth
 + Level 13.2 Shields
 O Level 27 Spellcasting
 O Level 27 Conjurations
 + Level 3.4 Charms
 - Level 5.0 Translocations
 O Level 27 Fire Magic
 O Level 27 Ice Magic
 O Level 27 Air Magic
 O Level 27 Earth Magic
 O Level 27 Evocations


You had 18 spell levels left.
You knew the following spells:

 Your Spells              Type           Power        Failure   Level  Hunger
a - Shock                 Conj/Air       ####         0%          1    None
b - Swiftness             Chrm/Air       ########     0%          2    None
c - Static Discharge      Conj/Air       ########     0%          3    None
d - Airstrike             Air            #########.   0%          4    None
e - Lightning Bolt        Conj/Air       #########.   0%          5    None
f - Force Lance           Conj/Tloc      ########     0%          4    None
g - Iron Shot             Conj/Erth      #########.   0%          6    None
h - Freezing Cloud        Conj/Ice/Air   #########.   0%          6    None
i - Chain Lightning       Conj/Air       #########.   1%          8    None
j - Ignition              Fire           #########.   1%          8    None
k - Glaciate              Conj/Ice       #########.   1%          9    None


Dungeon Overview and Level Annotations

Branches:
Dungeon (1/1)

Altars:
Cheibriados
Dithmenos
Elyvilon
Fedhas
Gozag
Hepliaklqana
Kikubaaqudgha
Makhleb
Nemelex Xobeh
Okawaru
Qazlal
Ru
Sif Muna
Trog
Uskayaw
Vehumet
Wu Jian
Xom
Yredelemnul
Zin
The Shining One
Beogh
Jiyva
Lugonu

Shops:
D }[**


Innate Abilities, Weirdness & Mutations

You do not regenerate when monsters are visible.


Message History

Vehumet accepts your kill.
You feel your power returning.
You feel extremely nervous for a moment...
Your body is wracked with pain!
* * * LOW HITPOINT WARNING * * *
Your Shields skill increases to level 13!
You have mastered Earth Magic!
The fireball engulfs the greater mummy.
The greater mummy is almost destroyed.
The fireball engulfs the greater mummy.
You destroy the greater mummy!
Vehumet accepts your kill.
You feel your power returning.
You feel extremely nervous for a moment...
Death has come for you...
Your Fighting skill increases to level 26!
Your Dodging skill increases to level 21!
You feel much better. You block the soul eater's attack.
The reaper hits you with a vampiric scythe!!!
You die...

.▓.▓)▓.▓.▓.▓.▓.▓,*,*,*
.▓.▓.▓.▓.▓.▓.▓.▓M▓,*+*
.▓.▓.▓.▓.▓.▓.▓.▓.▓,*,*
.▓.▓'▓.▓.▓.▓.▓.▓.▓,*+*
.▓.▓.▓.▓)▓.▓'▓.▓.▓,*,*
.▓.▓.▓.▓.▓.▓.▓.▓.▓,*,*
.▓.▓.▓.▓.▓.▓.▓.▓.▓,*,*
.▓.▓.▓.▓†▓.▓.▓.▓2▓,*,*
.▓.▓[▓.▓[▓.▓.▓.▓@▓,*,*
.▓.▓)▓.▓÷▓.▓.▓.▓3▓,*,*
[▓.▓)▓.▓.▓.▓.▓.▓.▓,*,*
[▓.▓[▓.▓'▓.▓)▓.▓.▓,*,*
[▓.▓'▓.▓.▓.▓)▓.▓.▓,*,*
[▓.▓.▓.▓'▓.▓)▓.▓.▓,*,*
[▓.▓.▓.▓.▓.▓)▓.▓.▓,*,*
[▓.▓[▓.▓'▓.▓)▓.▓.▓,*,*
[▓.▓.▓.▓.▓.▓)▓.▓.▓,*,*


You could see a reaper, a soul eater and a guardian mummy.

Vanquished Creatures
  the Royal Jelly (D)
  3 orbs of fire (D)
  3 ancient liches (D)
  Mennas (D)
  6 greater mummies (D)
  Boris (D)
  Margery (D)
  A Killer Klown (D)
  A curse toe (D)
  Xtahua (D)
  2 golden dragons (D)
  Jory (D)
  2 bone dragons (D)
  6 liches (D)
  An electric golem (D)
  4 tentacled monstrosities (D)
  Rupert (D)
  28 Orb Guardians (D)
  3 deep elf blademasters (D)
  4 quicksilver dragons (D)
  3 deep elf master archers (D)
  11 acid blobs (D)
  13 sphinxes (D)
  4 death cobs (D)
  A thorn hunter (D)
  8 shadow dragons (D)
  3 draconian monks (D)
  5 storm dragons (D)
  Kirke (D)
  Donald (D)
  7 azure jellies (D)
  Ilsuiw (D)
  3 nagarajas (D)
  6 fire giants (D)
  2 draconian knights (D)
  A deep elf sorcerer (D)
  A frost giant (D)
  A ghost moth (shapeshifter) (D)
  3 vault wardens (D)
  A ghost moth (D)
  7 emperor scorpions (D)
  Louise (D)
  3 draconian stormcallers (D)
  A spriggan defender (D)
  3 stone giants (D)
  2 ironheart preservers (D)
  2 draconian annihilators (D)
  6 vampire knights (D)
  2 very ugly things (D)
  5 green draconians (D)
  A purple draconian (D)
  5 yellow draconians (D)
  3 red draconians (D)
  3 deep elf demonologists (D)
  3 black draconians (D)
  2 spark wasps (D)
  4 merfolk javelineers (D)
  13 death oozes (D)
  4 deep elf death magi (D)
  5 fire dragons (D)
  A merfolk impaler (D)
  3 mummy priests (D)
  3 yaktaur captains (D)
  9 naga warriors (D)
  Harold (D)
  A great orb of eyes (D)
  2 rakshasas (D)
  4 ice dragons (D)
  5 hydras (D)
  2 centaur warriors (D)
  25 vault guards (D)
  A death knight (D)
  An alligator (D)
  6 merfolk aquamancers (D)
  A merfolk avatar (D)
  A two-headed ogre (shapeshifter) (D)
  2 vampire magi (D)
  A deep troll shaman (D)
  2 two-headed ogres (D)
  Urug (D)
  A tengu warrior (D)
  A spriggan berserker (D)
  A queen ant (shapeshifter) (D)
  5 hell knights (D)
  2 shock serpents (D)
  6 orc high priests (D)
  2 deep elf knights (D)
  A sea snake (D)
  A flayed ghost (D)
  2 glowing orange brains (D)
  2 ironbrand convokers (D)
  8 swamp dragons (D)
  A harpy (D)
  3 orc knights (D)
  2 wolf spiders (D)
  An orb spider (D)
  A mana viper (D)
  A manticore (D)
  11 moths of wrath (D)
  A vault sentinel (D)
  2 ugly things (D)
  2 cyclopes (D)
  An elephant (D)
  A guardian serpent (D)
  A merfolk siren (D)
  2 naga magi (D)
  3 spiny frogs (D)
  2 freezing wraiths (D)
  A komodo dragon (D)
  3 yaktaurs (D)
  A rime drake (D)
  2 demonic crawlers (D)
  17 guardian mummies (D)
  2 tengu conjurers (D)
  A meliai (shapeshifter) (D)
  A queen bee (shapeshifter) (D)
  3 jumping spiders (D)
  2 merfolk (D)
  A meliai (D)
  3 tyrant leeches (D)
  3 hornets (D)
  4 blink frogs (D)
  A bog body (D)
  3 slime creatures (D)
  A dream sheep (shapeshifter) (D)
  A snapping turtle (D)
  A vampire (D)
  2 hippogriffs (D)
  11 spriggans (D)
  A tarantella (D)
  A redback (D)
  Eustachio (D)
  2 golden eyes (D)
  3 hogs (D)
  Grum (D)
  3 yaks (D)
  A basilisk (D)
  2 insubstantial wisps (D)
  4 nagas (D)
  An acid dragon (D)
  4 water moccasins (D)
  A floating eye (D)
  2 porcupines (D)
  2 swamp drakes (D)
  9 orc warriors (D)
  3 wolves (D)
  2 ogres (D)
  A centaur (D)
  2 crocodiles (D)
  4 bullfrogs (D)
  A killer bee (D)
  2 crimson imps (D)
  A jelly (D)
  A hound (D)
  2 orc wizards (D)
  9 orc priests (D)
  An adder (D)
  A worm (D)
  13 orcs (D)
  A bat zombie (D)
  A giant cockroach (D)
  2 hobgoblins (D)
  2 kobolds (D)
  A frilled lizard (D)
513 creatures vanquished.

Vanquished Creatures (others)
  8 blocks of ice (D)
8 creatures vanquished.

Grand Total: 521 creatures vanquished

Notes
Turn   | Place    | Note
-------+----------+-------------------------------------------
     0 | D        | emperorscorpion the Deep Elf Air Elementalist began the quest for the Orb.
     0 | D        | Reached XP level 1. HP: 10/10 MP: 6/6
    65 | D        | Noticed a jelly
    65 | D        | Noticed a hound
    67 | D        | Reached XP level 2. HP: 15/15 MP: 6/9
    72 | D        | Reached skill level 5 in Spellcasting
    72 | D        | Reached skill level 5 in Air Magic
    72 | D        | Reached XP level 3. HP: 12/19 MP: 1/11
    73 | D        | Reached XP level 4. HP: 16/24 MP: 0/14
    82 | D        | Found a roughly hewn altar of Beogh.
    82 | D        | Found a snail-covered altar of Cheibriados.
    82 | D        | Found a shadowy altar of Dithmenos.
    82 | D        | Found a white marble altar of Elyvilon.
    82 | D        | Found a blossoming altar of Fedhas.
    82 | D        | Found an opulent altar of Gozag.
    83 | D        | Found a hazy altar of Hepliaklqana.
    84 | D        | Found a viscous altar of Jiyva.
    85 | D        | Found an ancient bone altar of Kikubaaqudgha.
    86 | D        | Found a corrupted altar of Lugonu.
    87 | D        | Found a burning altar of Makhleb.
    88 | D        | Found a sparkling altar of Nemelex Xobeh.
    89 | D        | Found an iron altar of Okawaru.
    90 | D        | Found a stormy altar of Qazlal.
    91 | D        | Found a sacrificial altar of Ru.
    92 | D        | Found a deep blue altar of Sif Muna.
    93 | D        | Found a bloodstained altar of Trog.
    94 | D        | Found a hide-covered altar of Uskayaw.
    95 | D        | Found a radiant altar of Vehumet.
    96 | D        | Found an ornate altar of the Wu Jian Council.
    97 | D        | Found a shimmering altar of Xom.
    98 | D        | Found a basalt altar of Yredelemnul.
    99 | D        | Found a glowing silver altar of Zin.
   100 | D        | Found a glowing golden altar of the Shining One.
   103 | D        | Became a worshipper of Vehumet
   134 | D        | Learned a level 2 spell: Swiftness
   138 | D        | Learned a level 3 spell: Static Discharge
   143 | D        | Learned a level 4 spell: Airstrike
   169 | D        | Noticed a yak
   172 | D        | Reached * piety under Vehumet
   172 | D        | Offered knowledge of Freeze by Vehumet.
   178 | D        | Reached XP level 5. HP: 28/28 MP: 4/17
   179 | D        | Killed a yak
   179 | D        | Reached ** piety under Vehumet
   179 | D        | Reached skill level 5 in Dodging
   179 | D        | Reached XP level 6. HP: 15/32 MP: 3/20
   284 | D        | Learned a level 5 spell: Lightning Bolt
   348 | D        | Noticed a basilisk
   348 | D        | Noticed a tengu conjurer
   348 | D        | Noticed a meliai
   349 | D        | Killed a meliai
   349 | D        | Offered knowledge of Sting by Vehumet.
   349 | D        | Reached skill level 10 in Spellcasting
   350 | D        | Reached XP level 7. HP: 36/36 MP: 16/23
   350 | D        | Reached *** piety under Vehumet
   350 | D        | Reached skill level 5 in Stealth
   351 | D        | Killed a tengu conjurer
   351 | D        | Reached skill level 5 in Conjurations
   392 | D        | Killed a basilisk
   392 | D        | Reached XP level 8. HP: 41/41 MP: 4/26
   496 | D        | Noticed Urug
   558 | D        | Killed Urug
   558 | D        | Offered knowledge of Throw Frost by Vehumet.
   679 | D        | Noticed a hippogriff
   679 | D        | Noticed a rime drake
   680 | D        | Reached **** piety under Vehumet
   680 | D        | Reached skill level 1 in Charms
   681 | D        | Noticed a seven-headed hydra
   681 | D        | Reached XP level 9. HP: 45/45 MP: 21/28
   681 | D        | Reached ***** piety under Vehumet
   682 | D        | Killed a rime drake
   684 | D        | Killed a seven-headed hydra
   684 | D        | Reached skill level 15 in Spellcasting
   684 | D        | Reached skill level 5 in Evocations
   822 | D        | Noticed an elephant
   823 | D        | Offered knowledge of Force Lance by Vehumet.
   824 | D        | Noticed a spiny frog
   825 | D        | Killed an elephant
   825 | D        | Reached XP level 10. HP: 47/50 MP: 20/32
   827 | D        | Killed a spiny frog
   827 | D        | Reached skill level 15 in Air Magic
   828 | D        | Reached ****** piety under Vehumet
   849 | D        | Learned a level 4 spell: Force Lance
   870 | D        | Offered knowledge of Ignite Poison by Vehumet.
  1022 | D        | Offered knowledge of Bolt of Draining by Vehumet.
  1022 | D        | Reached skill level 10 in Conjurations
  1190 | D        | Noticed Eustachio
  1195 | D        | Killed Eustachio
  1222 | D        | Noticed Harold
  1229 | D        | Killed Harold
  1229 | D        | Reached skill level 1 in Translocations
  1376 | D        | Noticed an orc knight
  1384 | D        | Offered knowledge of Iron Shot by Vehumet.
  1387 | D        | Killed an orc knight
  1548 | D        | Learned a level 6 spell: Iron Shot
  1549 | D        | Offered knowledge of Irradiate by Vehumet.
  1550 | D        | Reached XP level 11. HP: 41/54 MP: 26/34
  1741 | D        | Found Jiocw's General Store.
  1741 | D        | Noticed an orc high priest
  1741 | D        | Noticed an orc high priest
  1742 | D        | Offered knowledge of Yara's Violent Unravelling by Vehumet.
  1743 | D        | Killed an orc high priest
  1745 | D        | Killed an orc high priest
  1745 | D        | Reached skill level 1 in Earth Magic
  1894 | D        | Noticed an orc high priest
  1896 | D        | Killed an orc high priest
  1923 | D        | Noticed an orc high priest
  1926 | D        | Noticed a soul eater
  1928 | D        | Noticed a sun demon
  1931 | D        | Killed an orc high priest
  1932 | D        | Noticed an orc high priest
  1959 | D        | Killed an orc high priest
  2183 | D        | Found Heqynehy's General Store.
  2184 | D        | Noticed an orc high priest
  2190 | D        | Killed an orc high priest
  2361 | D        | Found Xuipos's Antique Armour Boutique.
  2365 | D        | Found Xiupox's Gadget Shop.
  2369 | D        | Bought a lamp of fire for 440 gold pieces
  2369 | D        | Bought a scroll of magic mapping for 38 gold pieces
  2378 | D        | Bought a lightning rod (4/4) for 480 gold pieces
  2378 | D        | Bought a phial of floods for 480 gold pieces
  2432 | D        | Noticed Grum
  2436 | D        | Killed Grum
  2607 | D        | Bought a scorched helmet for 285 gold pieces
  2609 | D        | Bought a scroll of identify for 20 gold pieces
  2609 | D        | Bought a scroll of fog for 20 gold pieces
  2609 | D        | Identified the cursed -2 helmet of Kuttoumuu {MR+ Dex+3 Slay+3} (You bought it in a shop in the Dungeon)
  2716 | D        | Got the +5 shortbow "Asogukij" {velocity, rPois Int+3}
  2780 | D        | Noticed a two-headed ogre
  2780 | D        | Noticed a two-headed ogre
  2780 | D        | Noticed a centaur warrior
  2781 | D        | Offered knowledge of Freezing Cloud by Vehumet.
  2782 | D        | Killed a two-headed ogre
  2784 | D        | Noticed a tengu warrior
  2784 | D        | Killed a two-headed ogre
  2785 | D        | Killed a centaur warrior
  2785 | D        | Reached skill level 1 in Fighting
  2786 | D        | Killed a tengu warrior
  2786 | D        | Reached skill level 10 in Evocations
  2786 | D        | Reached XP level 12. HP: 60/60 MP: 21/38
  2787 | D        | Noticed a vampire mage
  2787 | D        | Killed a vampire mage
  2789 | D        | Noticed a rakshasa
  2792 | D        | Noticed a red very ugly thing
  2793 | D        | Noticed a vampire mage
  2793 | D        | Killed a rakshasa
  2795 | D        | Killed a vampire mage
  2798 | D        | Killed a red very ugly thing
  2799 | D        | Noticed an ice dragon
  2802 | D        | Killed an ice dragon
  2823 | D        | Noticed a frost giant
  2828 | D        | Killed a frost giant
  2913 | D        | Noticed Donald
  2922 | D        | Learned a level 6 spell: Freezing Cloud
  2926 | D        | Killed Donald
  2926 | D        | Offered knowledge of Conjure Ball Lightning by Vehumet.
  3002 | D        | Noticed a seven-headed hydra
  3004 | D        | Killed a seven-headed hydra
  3004 | D        | Reached skill level 1 in Shields
  3005 | D        | Noticed an alligator
  3006 | D        | Noticed a thorn hunter
  3008 | D        | Killed a thorn hunter
  3009 | D        | Killed an alligator
  3075 | D        | Noticed an emperor scorpion
  3077 | D        | Offered knowledge of Ozocubu's Refrigeration by Vehumet.
  3078 | D        | Reached XP level 13. HP: 65/65 MP: 34/40
  3090 | D        | Killed an emperor scorpion
  3334 | D        | Reached skill level 5 in Shields
  3336 | D        | Offered knowledge of Glaciate by Vehumet.
  3336 | D        | Offered knowledge of Chain Lightning by Vehumet.
  3336 | D        | Offered knowledge of Ignition by Vehumet.
  3336 | D        | Reached skill level 10 in Dodging
  3336 | D        | Reached skill level 15 in Conjurations
  3385 | D        | Learned a level 8 spell: Chain Lightning
  3394 | D        | Learned a level 8 spell: Ignition
  3623 | D        | Reached skill level 1 in Fire Magic
  3687 | D        | Noticed a nagaraja
  3692 | D        | Killed a nagaraja
  3692 | D        | Reached skill level 15 in Evocations
  3920 | D        | Noticed Rupert
  3931 | D        | Killed Rupert
  4133 | D        | Noticed a red very ugly thing
  4133 | D        | Noticed a fire dragon
  4135 | D        | Reached skill level 5 in Fire Magic
  4139 | D        | Killed a red very ugly thing
  4139 | D        | Killed a fire dragon
  4147 | D        | Noticed a stone giant
  4148 | D        | Killed a stone giant
  4150 | D        | Reached XP level 14. HP: 46/72 MP: 22/43
  4151 | D        | Noticed a spriggan defender
  4152 | D        | Noticed a quicksilver dragon
  4153 | D        | Killed a spriggan defender
  4158 | D        | Killed a quicksilver dragon
  4160 | D        | Noticed a fire giant
  4170 | D        | Killed a fire giant
  4249 | D        | Noticed a fire giant
  4404 | D        | Killed a fire giant
  4621 | D        | Noticed a vault warden
  4621 | D        | Noticed an ironheart preserver
  4625 | D        | Killed an ironheart preserver
  4625 | D        | Killed a vault warden
  4625 | D        | Reached skill level 10 in Fire Magic
  4810 | D        | Noticed a sphinx
  4815 | D        | Killed a sphinx
  5011 | D        | Noticed a stone giant
  5015 | D        | Killed a stone giant
  5226 | D        | Noticed Mennas
  5256 | D        | Killed Mennas
  5256 | D        | Reached XP level 15. HP: 6/78 MP: 18/47
  6192 | D        | Noticed Margery
  6196 | D        | Killed Margery
  6355 | D        | Noticed Ilsuiw
  6355 | D        | Reached skill level 5 in Translocations
  6361 | D        | Killed Ilsuiw
  6383 | D        | Reached skill level 27 in Spellcasting
  6695 | D        | Got a barnacled rune of Zot
  6726 | D        | Reached skill level 15 in Fire Magic
  6879 | D        | Got a decaying rune of Zot
  7022 | D        | Reached skill level 5 in Earth Magic
  7024 | D        | Killed a ghost moth
  7152 | D        | Got a gossamer rune of Zot
  7204 | D        | Noticed a nagaraja
  7205 | D        | Reached XP level 16. HP: 84/85 MP: 36/49
  7257 | D        | Got a serpentine rune of Zot
  7316 | D        | Noticed Boris
  7326 | D        | Killed Boris
  7366 | D        | Noticed Louise
  7373 | D        | Killed Louise
  7839 | D        | Noticed a tentacled monstrosity
  7839 | D        | Noticed a storm dragon
  7844 | D        | Killed a storm dragon
  7848 | D        | HP: 1/86 [tentacled monstrosity (6)]
  7849 | D        | Killed a tentacled monstrosity
  8272 | D        | Noticed a shadow dragon
  8279 | D        | Killed a shadow dragon
  8289 | D        | Noticed a shadow dragon
  8596 | D        | Killed a shadow dragon
  8762 | D        | Noticed a shadow dragon
  8762 | D        | Noticed a golden dragon
  8762 | D        | Noticed a shadow dragon
  8763 | D        | Reached XP level 17. HP: 90/90 MP: 50/50
  8935 | D        | Reached skill level 5 in Fighting
  9368 | D        | Killed a golden dragon
  9983 | D        | Noticed a lich
  9984 | D        | Killed a lich
 10077 | D        | Got a silver rune of Zot
 10088 | D        | Noticed Jory
 10092 | D        | Killed Jory
 10179 | D        | Noticed Xtahua
 10181 | D        | Killed Xtahua
 10181 | D        | Reached skill level 10 in Fighting
 10315 | D        | Got the amulet of Equilibrium {Faith +Blink Int+3}
 10317 | D        | Got the amulet of Niziopay {Spirit rPois MR+}
 10320 | D        | Got the ring "Bytoakh" {rCorr rN++}
 10322 | D        | Got the ring "Byonoce" {rF++ MR+}
 10324 | D        | Got the amulet of Kyorph {Gourm rC- Str+3 Int+9}
 10336 | D        | Got the +5 demon trident "Ydwaraq" {pain, MR+ SInv Stlth+}
 10399 | D        | Noticed Kirke
 10402 | D        | Killed Kirke
 10486 | D        | Noticed a lich
 10486 | D        | Learned a level 9 spell: Glaciate
 10487 | D        | Killed a lich
 10500 | D        | Noticed a lich
 10502 | D        | Killed a lich
 10582 | D        | Noticed a bone dragon
 10585 | D        | Reached skill level 10 in Earth Magic
 10585 | D        | Reached skill level 1 in Throwing
 10585 | D        | Reached skill level 27 in Fire Magic
 10597 | D        | Killed a bone dragon
 10599 | D        | Noticed a bone dragon
 10605 | D        | Killed a bone dragon
 10729 | D        | Noticed a tentacled monstrosity
 10729 | D        | Noticed a tentacled monstrosity
 10735 | D        | Killed a tentacled monstrosity
 10735 | D        | Killed a tentacled monstrosity
 10735 | D        | Reached XP level 18. HP: 116/116 MP: 41/51
 10780 | D        | Noticed a golden dragon
 10782 | D        | Reached skill level 1 in Ice Magic
 10785 | D        | Killed a golden dragon
 10785 | D        | Reached skill level 15 in Dodging
 10787 | D        | Reached skill level 5 in Ice Magic
 10826 | D        | Noticed a tentacled monstrosity
 10828 | D        | Reached skill level 10 in Stealth
 10829 | D        | Reached skill level 15 in Fighting
 10830 | D        | Killed a tentacled monstrosity
 11389 | D        | Noticed an Orb Guardian
 11389 | D        | Noticed an Orb Guardian
 11389 | D        | Noticed an Orb Guardian
 11389 | D        | Noticed an Orb Guardian
 11389 | D        | Noticed an Orb Guardian
 11389 | D        | Noticed an Orb Guardian
 11391 | D        | Killed an Orb Guardian
 11391 | D        | Reached skill level 10 in Ice Magic
 11391 | D        | Killed an Orb Guardian
 11392 | D        | Killed an Orb Guardian
 11392 | D        | Killed an Orb Guardian
 11392 | D        | Killed an Orb Guardian
 11393 | D        | Killed an Orb Guardian
 11397 | D        | Noticed an Orb Guardian
 11401 | D        | Noticed an Orb Guardian
 11401 | D        | Killed an Orb Guardian
 11403 | D        | Noticed an Orb Guardian
 11405 | D        | Killed an Orb Guardian
 11406 | D        | Noticed an Orb Guardian
 11407 | D        | Killed an Orb Guardian
 11407 | D        | Reached skill level 15 in Stealth
 11425 | D        | Killed an Orb Guardian
 11537 | D        | Noticed an Orb Guardian
 11537 | D        | Noticed an Orb Guardian
 11539 | D        | Noticed an Orb Guardian
 11539 | D        | Killed an Orb Guardian
 11539 | D        | Reached skill level 10 in Shields
 11539 | D        | Killed an Orb Guardian
 11540 | D        | Noticed an Orb Guardian
 11542 | D        | Killed an Orb Guardian
 11542 | D        | Killed an Orb Guardian
 11542 | D        | Reached skill level 27 in Air Magic
 11542 | D        | Reached XP level 19. HP: 128/128 MP: 41/52
 11556 | D        | Noticed an ancient lich
 11559 | D        | Killed an ancient lich
 11639 | D        | Noticed an orb of fire
 11641 | D        | Noticed an electric golem
 11642 | D        | Killed an electric golem
 11642 | D        | Gained mutation: You do not regenerate when monsters are visible. [an orb of fire]
 11643 | D        | Killed an orb of fire
 11643 | D        | Reached skill level 27 in Evocations
 11694 | D        | Noticed a curse toe
 11694 | D        | Noticed an orb of fire
 11697 | D        | Noticed an orb of fire
 11697 | D        | Reached skill level 15 in Ice Magic
 11698 | D        | Killed an orb of fire
 11698 | D        | Reached skill level 27 in Conjurations
 11699 | D        | Killed a curse toe
 11703 | D        | Killed an orb of fire
 11858 | D        | Noticed a Killer Klown
 11863 | D        | Killed a Killer Klown
 12154 | D        | Reached skill level 15 in Earth Magic
 12234 | D        | Reached XP level 20. HP: 142/142 MP: 27/53
 12416 | D        | Noticed an ancient lich
 12421 | D        | Killed an ancient lich
 12437 | D        | Noticed an ancient lich
 12441 | D        | Killed an ancient lich
 12614 | D        | Got an elven rune of Zot
 12681 | D        | Reached skill level 27 in Stealth
 12685 | D        | Noticed the Royal Jelly
 12689 | D        | Killed the Royal Jelly
 12729 | D        | Got a slimy rune of Zot
 12927 | D        | Reached XP level 21. HP: 130/155 MP: 42/54
 13073 | D        | Reached skill level 27 in Ice Magic
 13075 | D        | Noticed a greater mummy
 13078 | D        | Killed a greater mummy
 13268 | D        | Noticed a greater mummy
 13268 | D        | Noticed a greater mummy
 13268 | D        | Noticed a greater mummy
 13268 | D        | Noticed a greater mummy
 13268 | D        | Noticed a greater mummy
 13271 | D        | Killed a greater mummy
 13272 | D        | Killed a greater mummy
 13272 | D        | Killed a greater mummy
 13272 | D        | Killed a greater mummy
 13272 | D        | Reached skill level 27 in Earth Magic
 13272 | D        | Killed a greater mummy
 13273 | D        | Mangled by a reaper

Vault maps used:
D:        linesprint

Skill      XL: |  1  2  3  4  5  6  7  8  9 10 11 12 13 14 15 16 17 18 19 20 21 |
---------------+----------------------------------------------------------------+-----
Spellcasting   | 4 5 6 7 9 10 12 13 16 17 20 21 23 26 27 | 27.0
Air Magic      | 4 5 6 8 9 11 12 13 14 15 17 19 20 21 23 25 27 | 27.0
Dodging        | 3 4 5 6 7 8 9 10 11 12 14 15 17 19 21 | 21.1
Stealth        | 3 4 5 6 16 24 27 | 27.0
Conjurations   | 2 3 4 5 6 8 11 13 14 15 17 19 20 23 25 27 | 27.0
Evocations     | 3 6 8 10 13 15 17 20 22 24 26 27 | 27.0
Charms         | 1 2 3 |  3.4
Translocations | 1 2 4 5 |  5.0
Earth Magic    | 2 3 6 8 10 12 16 23 27 | 27.0
Fighting       | 1 2 3 4 14 17 20 23 26 | 26.2
Shields        | 3 7 8 9 10 11 12 13 | 13.2
Fire Magic     | 7 12 18 25 27 | 27.0
Throwing       | 3 |  3.5
Ice Magic      | 13 20 26 27 | 27.0

Action                   |  1- 3 |  4- 6 |  7- 9 | 10-12 | 13-15 | 16-18 | 19-21 || total
-------------------------+-------+-------+-------+-------+-------+-------+-------++-------
Throw: Javelin           |       |       |       |       |       |     2 |       ||     2
 Cast: Shock             |    10 |     7 |       |    15 |       |     3 |       ||    35
       Static Discharge  |       |     2 |       |       |       |       |       ||     2
       Lightning Bolt    |       |     1 |    20 |    94 |    85 |    30 |     7 ||   237
       Airstrike         |       |     1 |       |    12 |    27 |     8 |     2 ||    50
       Swiftness         |       |       |     1 |     1 |       |       |       ||     2
       Force Lance       |       |       |       |     2 |    15 |     4 |       ||    21
       Iron Shot         |       |       |       |     1 |    11 |    38 |    29 ||    79
       Chain Lightning   |       |       |       |       |     4 |    21 |    13 ||    38
       Ignition          |       |       |       |       |    11 |    50 |    43 ||   104
       Glaciate          |       |       |       |       |       |       |    16 ||    16
Evoke: Staff of energy   |       |       |    17 |    70 |    27 |    45 |    30 ||   189
       Wand              |       |       |     3 |     3 |       |       |       ||     6
       Lamp of fire      |       |       |       |     7 |    18 |    13 |     3 ||    41
       Lightning rod     |       |       |       |     8 |    38 |    19 |       ||    65
       Phantom mirror    |       |       |       |       |     1 |       |       ||     1
       Phial of floods   |       |       |       |       |       |     2 |       ||     2
       Crystal ball of e |       |       |       |       |       |       |     1 ||     1
  Use: Scroll            |       |       |     1 |     2 |     1 |     3 |       ||     7
       Potion            |       |       |       |     1 |     9 |     3 |     1 ||    14
  Eat: Chunk             |       |       |     1 |     7 |     4 |     8 |     3 ||    23
       Ration            |       |       |       |     1 |     3 |     2 |     1 ||     7
Armor: Robe              |     1 |       |       |       |     5 |     8 |     2 ||    16
Dodge: Dodged            |     8 |     5 |     7 |    30 |    60 |    39 |    10 ||   159
Block: Shield            |       |       |       |       |    22 |    18 |     7 ||    47
       Reflection        |       |       |       |       |     2 |       |     1 ||     3

Table legend:
 A = Spawn XP
 B = Non-spawn XP
 C = Spawn XP percentage of total XP
 D = Spawn monster count
 E = Non-spawn monster count
 F = Spawn count percentage of total count
 G = Total turns spent on level
                    A         B        C        D         E        F      G
               +---------+---------+-------+---------+---------+-------+---------
         Total |       0 |  650366 |   0.0 |       0 |     497 |   0.0 | 13273
               +---------+---------+-------+---------+---------+-------+---------
             D |       0 |  650366 |   0.0 |       0 |     497 |   0.0 | 13273
               +---------+---------+-------+---------+---------+-------+---------
